AoeStats
← Grubby

Arena

510201264Analyzed
1v1 RM · 2d ago on Sep 29, 2026· 38m 8s· 2 players
Game mode
Random Map
Map size
Tiny (2 player)
Population
200
Speed
Normal
Resources
Standard
Victory
Conquest
Starting age
Dark Age
Ending age
Imperial Age
RankedLock teamsTeams togetherTeam positionsShared explorationLock speedFull tech treeHidden civsTurbo modeCheats
Victory
Defeat
🇳🇱 Khmer · Netherlands
368
+17
🇫🇷 Portuguese · France
380
-17
Grubby
10:45 Feudal Age
15:37 Castle Age
13:44 Double-Bit Axe
14:17 Horse Collar
16:19 Loom
18:49 Gold Mining
21:20 Bloodlines
27:10 Fletching
28:43 Ballistics
31:01 Husbandry
31:35 Tusk Swords
32:01 Murder Holes
33:51 Padded Archer Armor
33:47 Bodkin Arrow
35:52 Town Watch
sAYsLaYEr
12:41 Feudal Age
21:10 Castle Age
19:43 Arson
19:54 Double-Bit Axe
20:05 Gold Mining
20:06 Stone Mining
24:18 Thumb Ring
23:34 Crossbowman
24:36 Fletching
24:47 Padded Archer Armor
31:28 Thumb Ring
Connection lost

Rejoining the realm…

Still unreachable

The connection could not be restored.

Session expired

The server has moved on; the page needs a fresh start.